 Dungeon Crawl Stone Soup version 0.25-a0-785-gb22c70e859 (webtiles) character file.

Game seed: 18140112598878101526, levelgen mode: deterministic

19 kae the Ruffian (level 2, 0/23 HPs)
             Began as a Draconian Transmuter on Apr 17, 2020.
             Slain by a gnoll
             ... wielding a +2 spear of freezing
              (2 damage)
             ... on level 2 of the Dungeon.
             The game lasted 00:01:25 (770 turns).

kae the Ruffian (Draconian Transmuter)               Turns: 770, Time: 00:01:25

Health: 0/23       AC:  4    Str: 17    XL:     2   Next: 55%
Magic:  5/5        EV: 12    Int: 13    God:
Gold:   137        SH:  0    Dex: 11    Spells: 2/5 levels left

rFire    . . .     SeeInvis .   k - +0 mace
rCold    . . .     Gourm    .   (no shield)
rNeg     . . .     Faith    .   (armour unavailable)
rPois    .         Spirit   .   (helmet restricted)
rElec    .         Reflect  .   (no cloak)
rCorr    .         Harm     .   (no gloves)
MR       .....                  (no boots)
Stlth    +.........             (no amulet)
HPRegen  0.07/turn              e - +5 ring of strength
MPRegen  0.09/turn              (no ring)

@: slowed, very slow
A: unfitting armour, cold-blooded, AC +4
a: no special abilities


You were on level 2 of the Dungeon.
You were not hungry.

You visited 1 branch of the dungeon, and saw 2 of its levels.

You collected 137 gold pieces.

Inventory:

Hand Weapons
 k - a +0 mace (weapon)
Missiles
 a - 29 arrows
Jewellery
 e - a +5 ring of strength (left hand)
 l - an uncursed amulet of rage
Scrolls
 h - a scroll of remove curse
Potions
 b - a potion of heal wounds
 f - a potion of invisibility {unknown}
 g - a potion of ambrosia {unknown}
 i - a potion of flight {unknown}
Comestibles
 c - 3 rations


   Skills:
 - Level 1.1 Fighting
 - Level 1.7 Dodging
 * Level 3.5 Unarmed Combat
 + Level 2.2 Spellcasting
 + Level 2.3 Transmutations


You had 2 spell levels left.
You knew the following spells:

 Your Spells              Type           Power        Failure   Level  Hunger
a - Beastly Appendage     Tmut           #.....       10%         1    ##.....
b - Sticks to Snakes      Tmut           #.......     14%         2    ###....

Your spell library contained the following spells:

 Spells                   Type           Power        Failure   Level  Hunger
 Spider Form              Tmut/Pois      #.........   43%         3    ####...
 Ice Form                 Ice/Tmut       #.......     83%         4    #####..
 Blade Hands              Tmut           #.........   95%         5    ######.


Dungeon Overview and Level Annotations

Branches:
Dungeon (2/15)

Altars:


Innate Abilities, Weirdness & Mutations

Your plain brown scales are hard. (AC +4)
You cannot fit into any form of body armour.
You are cold-blooded and may be slowed by cold attacks.


Message History

The throwing net hits you.
You become entangled in the net!
Things that are here:
a throwing net; 14 stones You struggle against the net.
The bat barely misses you.
You tear a large gash into the net.
The bat hits you but does no damage.
The gnoll hits you from afar with a +2 spear of freezing!
You feel yourself slow down. The gnoll freezes you.
The gnoll barely misses you.
You rip the net and break free!
The bat misses you.
The gnoll hits you from afar with a +2 spear of freezing.
You feel as though you will be slow longer.
The gnoll freezes you.
* * * LOW HITPOINT WARNING * * *
The gnoll barely misses you. x2
The bat barely misses you. The bat closely misses you.
The bat closely misses you. The gnoll misses you.
The gnoll hits you from afar with a +2 spear of freezing.
* * * LOW HITPOINT WARNING * * *
The gnoll freezes you.
You die...

#..........#. #..........#.
######..........#. #
#...............#. #
#.####..........#. #
#...............#. #
#...............#.
################.....#..#......#.
.............gg.@....#..#.#......
..............g.............>....
################.....#..#....#.##
# #†.b..#..#..#.#†##
#.....#..#..#.#.##
#.....#.....#.#.##
#.###.#.##..#.#.##
#.............#.<#
#####...##..######


You could see 3 gnolls and a bat.

Vanquished Creatures
  An ooze (D:2)
  A dart slug (D:1)
  3 bats (D:2)
  3 giant cockroaches (D:2)
  A hobgoblin (D:2)
  A frilled lizard (D:2)
  A goblin (D:2)
  A kobold (D:1)
  2 rats
14 creatures vanquished.

Notes
Turn   | Place    | Note
-------+----------+-------------------------------------------
     0 | D:1      | kae the Draconian Transmuter began the quest for the Orb.
     0 | D:1      | Reached XP level 1. HP: 16/16 MP: 3/3
   520 | D:2      | Reached XP level 2. HP: 21/23 MP: 1/5
   524 | D:2      | Learned a level 2 spell: Sticks to Snakes
   770 | D:2      | Slain by a gnoll

Levels and vault maps discovered:
D:1:      beargit_arrival_greenhouse, layout_basic
D:2:      layout_basic

Action                   || total
-------------------------++-------
Melee: Unarmed           ||    29
       Kick              ||     5
       Tailslap          ||     3
       Mace              ||     5
 Cast: Beastly Appendage ||     6
  Use: Scroll            ||     3
Armor: Skin              ||    25
Dodge: Dodged            ||    56

Table legend:
 A = Non-vault XP
 B = Vault XP
 C = Vault XP percentage of total XP
 D = Non-vault monster count
 E = Vault monster count
 F = Vault count percentage of total count
                 A         B        C        D         E       F
            +---------+---------+-------+---------+---------+-------
      Total |      28 |       0 |   0.0 |      14 |       0 |   0.0
            +---------+---------+-------+---------+---------+-------
        D:1 |       6 |       0 |   0.0 |       3 |       0 |   0.0
        D:2 |      22 |       0 |   0.0 |      11 |       0 |   0.0
            +---------+---------+-------+---------+---------+-------
